 Dungeon Crawl Stone Soup version 0.30-a0-424-g7412bad402 (webtiles) character file.

Game seed: 9734394707619317516

156 McMuffin the Trooper (level 5, -10/43 HPs)
             Began as a Demonspawn Wanderer on Dec 9, 2022.
             Mangled by Blork the orc
             ... wielding a +0 battleaxe
              (14 damage)
             ... on level 3 of the Dungeon.
             The game lasted 00:17:05 (3032 turns).

McMuffin the Trooper (Demonspawn Wanderer)          Turns: 3032, Time: 00:17:05

Health: -10/43     AC:  0    Str: 11    XL:     5   Next: 14%
Magic:  5/5        EV: 13    Int: 11    God:
Gold:   255        SH:  0    Dex: 18    Spells: 4/4 levels left

rFire   . . .      SeeInvis .    (weapon currently unavailable)
rCold   . . .      Faith    .    (shield currently unavailable)
rNeg    . . .      Spirit   .    (body armour currently unavailable)
rPois   .          Reflect  .    (helmet currently unavailable)
rElec   .          Harm     .    (cloak currently unavailable)
rCorr   .          Rampage  .    (gloves currently unavailable)
Will    .....                    (boots currently unavailable)
Stlth   ++........               (no amulet)
HPRegen 0.27/turn                (ring currently unavailable)
MPRegen 0.09/turn                (ring currently unavailable)

@: pig-form (expiring), very quick
A: fast, no casting, small, (icy blue scales 1), (weakness stinger 2)
a: no special abilities


You were on level 3 of the Dungeon.
You were a filthy swine.
You visited 1 branch of the dungeon, and saw 4 of its levels.

You collected 255 gold pieces.

Inventory:

Hand Weapons
 a - a +3 hand axe
 t - the +8 broad axe of Plunder (melded) {elec, *Noise rN+ Will- Int+6}
   (You found it on level 3 of the Dungeon)

   It occasionally discharges a powerful burst of electricity upon striking a
   foe.
   Int:       It affects your intelligence (+6).
   rN:        It protects you from negative energy.
   *Noise:    It may make noises in combat.
   Will:      It decreases your willpower.
Missiles
 q - 6 javelins
 x - 3 boomerangs of dispersal
Armour
 b - a +0 buckler (melded)
 d - a +0 robe
 h - a +0 plate armour (melded)
 n - a +0 helmet
 u - a +1 helmet (melded)
 y - a +0 pair of boots (melded)
Wands
 w - a wand of flame (20)
Scrolls
 e - a scroll of blinking {unknown}
 g - a scroll of magic mapping {unknown}
 j - 2 scrolls of enchant armour {unknown}
 k - 5 scrolls of identify {unknown}
 m - 4 scrolls of immolation {unknown}
 o - a scroll of amnesia {unknown}
 r - a scroll of noise {unknown}
 s - 2 scrolls of teleportation {unknown}
 v - a scroll of butterflies {unknown}
Potions
 c - a potion of berserk rage
 f - 2 potions of heal wounds {unknown}
 i - 4 potions of curing
 l - a potion of haste {unknown}
 p - 2 potions of mutation {unknown}
 z - a potion of cancellation {unknown}


   Skills:
 + Level 4.7 Fighting
 + Level 3.1 Axes
 + Level 0.1 Throwing
 + Level 2.0 Armour
 + Level 0.1 Dodging
 + Level 1.0 Stealth
 + Level 3.1 Shields


You had 4 spell levels left.
You didn't know any spells.
Your spell library contained the following spells:

 Spells                   Type           Power      Damage    Failure   Level
 Apportation              Tloc           0%         N/A       34%         1
 Necrotise                Necr           0%         1d4       34%         1
 Sandblast                Erth           0%         2d4       34%         1
 Shock                    Conj/Air       0%         1d3       34%         1
 Summon Small Mammal      Summ           0%         N/A       34%         1
 Passwall                 Tmut/Erth      0%         N/A       47%         2
 Call Canine Familiar     Summ           0%         N/A       71%         3
 Hailstorm                Conj/Ice       0%         3d3       71%         3
 Ozocubu's Armour         Ice            0%         N/A       71%         3
 Portal Projectile        Hex/Tloc       0%         N/A       71%         3
 Stone Arrow              Conj/Erth      0%         3d7       71%         3
 Ice Form                 Ice/Tmut       0%         N/A       98%         4
 Leda's Liquefaction      Hex/Erth       0%         N/A       98%         4
 Metabolic Englaciation   Hex/Ice        0%         N/A       100%        5
 Simulacrum               Ice/Necr       0%         N/A       100%        6


Dungeon Overview and Level Annotations

Branches:
Dungeon (4/15)
 Temple: D:4-7

Altars:

Annotations:
D:3 Blork the orc


Innate Abilities, Weirdness & Mutations

You are a filthy swine.
You move quickly.
Your equipment is almost entirely melded.
You are incapable of wielding weapons or throwing items.
You cannot cast spells.
((You are partially covered in icy blue scales. (AC +2)))
((You have a tail ending in a sharp stinger.))


Message History

You barely miss Blork the orc.
Your tail-slap misses Blork the orc.
Blork the orc is heavily wounded.
Blork the orc hits you with a +0 battleaxe.
Blork the orc screams, "I'll cover the dungeon with your blood!"
Blork the orc zaps a wand.
You turn into a filthy swine.
The +8 broad axe of Plunder {elec, *Noise rN+ Will- Int+6} melds into your body.
Your +1 helmet melds into your body.
Your +0 pair of boots melds into your body.
Your +0 buckler melds into your body.
Your +0 plate armour melds into your body.
The +8 broad axe of Plunder {elec, *Noise rN+ Will- Int+6} stops crackling.
You barely miss Blork the orc.
Blork the orc is heavily wounded.
Blork the orc points at you and mumbles some strange words.
The puff of flame hits you!
You barely miss Blork the orc.
Blork the orc is heavily wounded.
Blork the orc misses you.
You see here a scroll labelled HUHUAW HOILAU.
Blork the orc casts a spell.
Blork the orc seems to speed up.
Blork the orc hits you with a +0 battleaxe.
Blork the orc drinks a potion.
Blork the orc is healed!
Blork the orc noisily yells encouragement to no one in particular.
Blork the orc attacks as you move away! Blork the orc misses you.
Blork the orc looks braver for a moment.
Your transformation is almost over.
There is an escape hatch in the ceiling here.
Blork the orc casts a cantrip, but nothing happens.
Blork the orc hits you with a +0 battleaxe!
A mysterious force pulls you upwards. The hatch slams shut behind you.
You closely miss Blork the orc.
Blork the orc is moderately wounded.
Blork the orc hits you with a +0 battleaxe!
* * * LOW HITPOINT WARNING * * *
You hit Blork the orc.
Blork the orc is heavily wounded.
Blork the orc closely misses you.
Blork the orc hits you with a +0 battleaxe!
You die...

# #.### #........##..... #...#
####..#####.##.##)# ####...#
#...........##.##.# #......#
#.###.#####..#.##.#
#.##...#####.###..........##.#
#.#...........##.#####.#####.#
####.##.####.....##.......##
#.#
.....##.#<.#.....##.#####..#
#.#
####....#.......ho#........#
#.# #.#####........#####..#.##
#.# #.##...........#
##....###.# #....###.......#
####...#.# ###### #.......#
###...# ######### ##..# ##..
####รท #....


You could see Blork the orc (fast).

Vanquished Creatures
  Robin (D:2)
  3 gnolls (D:2)
  3 adders
  3 worms
  A dart slug (D:2)
  An orc (D:3)
  4 bats
  6 endoplasms
  4 giant cockroaches
  12 goblins
  10 hobgoblins
  6 jackals
  A quokka (D:1)
  4 ball pythons
  A frilled lizard (D:2)
  6 kobolds
  13 rats
79 creatures vanquished.

Notes
Turn   | Place    | Note
-------+----------+-------------------------------------------
     0 | D:1      | McMuffin the Demonspawn Wanderer began the quest for the
                  | Orb.
     0 | D:1      | McMuffin set off with the following items: a +3 hand axe, a
                  | +0 buckler, a potion of berserk rage, a +0 robe.
     0 | D:1      | Reached XP level 1. HP: 19/19 MP: 1/1
   239 | D:1      | Gained mutation: You have a small tail. [demonic ancestry]
   239 | D:1      | Reached XP level 2. HP: 24/25 MP: 2/2
   542 | D:1      | Gained mutation: You are partially covered in icy blue
                  | scales. (AC +2) [demonic ancestry]
   542 | D:1      | Reached XP level 3. HP: 27/31 MP: 3/3
   746 | D:1      | Found a faded altar of an unknown god.
   760 | D:1      | Got Plato's Dissertation on Breath
  1064 | D:2      | Reached skill level 1 in Armour
  1091 | D:2      | Noticed Robin
  1106 | D:2      | Killed Robin
  1107 | D:2      | Reached XP level 4. HP: 38/38 MP: 4/4
  2030 | D:3      | Identified the +8 broad axe of Plunder {elec, *Noise rN+
                  | Will- Int+6}
  2205 | D:3      | Gained mutation: You have a tail ending in a sharp stinger.
                  | [demonic ancestry]
  2205 | D:3      | Reached XP level 5. HP: 38/43 MP: 5/5
  2896 | D:4      | Noticed Blork the orc
  3032 | D:3      | Mangled by Blork the orc

Illustrated notes

Levels and vault maps discovered:
D:1:      dpeg_arrival_boxorama, layout_basic,
          shapermc_ecumenical_altar_rom_forum, minmay_rat_gold_closets
D:2:      layout_loops_ring, chequers_arboretum, uniq_robin
D:3:      layout_basic, minmay_misc_feat_rows
D:4:      layout_basic, minmay_temple_entry_slanted, serial_shops,
          nicolae_shop_hallway_plus, uniq_blork_the_orc

Skill      XL: |  1  2  3  4  5 |
---------------+----------------+-----
Axes           | 2 3 |  3.1
Shields        | 3 |  3.1
Armour         | 1 2 |  2.0
Fighting       | |  4.7
Throwing       | |  0.1
Dodging        | |  0.1
Stealth        | |  1.0

Action                   |  1- 3 |  4- 6 || total
-------------------------+-------+-------++-------
Melee: Hand axe          |    93 |    62 ||   155
       Tailslap          |     6 |     7 ||    13
       Broad axe         |       |    22 ||    22
       Unarmed           |       |     4 ||     4
Throw: Javelin           |     8 |     1 ||     9
Armor: Plate armour      |    70 |    69 ||   139
       Robe              |     1 |       ||     1
Dodge: Dodged            |     2 |     6 ||     8
Block: Buckler           |    16 |    17 ||    33

Table legend: (Time is in decaauts)
 A = Elapsed time spent in this place.
 B = Non-inter-level travel time spent in this place.
 C = Inter-level travel time spent in this place.
 D = Time resting spent in this place.
 E = Time spent auto-exploring this place.
 F = Levels seen in this place.
 G = Mean time per level.
                   A        B        C        D        E       F      G
               +--------+--------+--------+--------+--------+-----+--------+
         Total |   3075 |   3045 |     30 |    211 |      0 |   4 |  768.8 |
       Dungeon |   3075 |   3045 |     30 |    211 |      0 |   4 |  768.8 |
               +--------+--------+--------+--------+--------+-----+--------+

Top non-repeatable levels by time:
     D:2: 1135 daAuts
     D:1: 932 daAuts
     D:3: 767 daAuts
     D:4: 239 daAuts
